 Dungeon Crawl Stone Soup version 0.27.1-35-g4d5d836560 (webtiles) character file.

Game seed: 15656813757464794122

72 Delamore the Sneak (level 4, -3/29 HPs)
             Began as an Octopode Brigand on Mar 3, 2022.
             Slain by a hobgoblin (5 damage)
             ... on level 2 of the Dungeon.
             The game lasted 00:01:17 (1649 turns).

Delamore the Sneak (Octopode Brigand)               Turns: 1649, Time: 00:01:18

Health: -3/29      AC:  1    Str: 10    XL:     4   Next: 25%
Magic:  4/4        EV: 12    Int: 13    God:
Gold:   67         SH:  0    Dex: 14    Spells: 3/3 levels left

rFire    . . .     SeeInvis .   a - +2 dagger
rCold    . . .     Faith    .   (no shield)
rNeg     . . .     Spirit   .   (helmet restricted)
rPois    .         Reflect  .   (no amulet)
rElec    .         Harm     .   (no ring)
rCorr    .         Rampage  .   (no ring)
Will     .....                  (no ring)
Stlth    ++++......             (no ring)
HPRegen  0.09/turn              (no ring)
MPRegen  0.09/turn              (no ring)
                                (no ring)
                                (no ring)

@: no status effects
A: almost no armour, amphibious, 8 rings, camouflage 1, gelatinous body 1,
(nimble swimmer 1), tentacles
a: no special abilities


You were on level 2 of the Dungeon.
You visited 1 branch of the dungeon, and saw 2 of its levels.

You collected 67 gold pieces.

Inventory:

Hand Weapons
 a - a +2 dagger (weapon)
Missiles
 b - 8 poisoned darts (quivered)
 c - 2 curare-tipped darts
Potions
 d - a potion of might {unknown}
 e - a potion of heal wounds {unknown}
 f - a potion of curing {unknown}


   Skills:
 - Level 2.0 Fighting
 + Level 2.9 Short Blades
 - Level 2.0 Throwing
 - Level 1.0 Dodging
 * Level 7.1 Stealth


You had 3 spell levels left.
You didn't know any spells.
Your spell library was empty.

Dungeon Overview and Level Annotations

Branches:
Dungeon (2/15)

Altars:


Innate Abilities, Weirdness & Mutations

You cannot wear most types of armour.
You are amphibious.
You can wear up to eight rings at the same time.
Your skin changes colour to match your surroundings (Stealth+).
Your rubbery body absorbs attacks. (AC +1, EV +1)
((You are camouflaged near water. (Stealth+)))
You have tentacles for arms and can constrict up to eight enemies at once.


Message History

You are too injured to fight recklessly!
You are too injured to fight recklessly!
You are too injured to fight recklessly!
You are too injured to fight recklessly!
You are too injured to fight recklessly!
You are too injured to fight recklessly!
You are too injured to fight recklessly!
You are too injured to fight recklessly!
You are too injured to fight recklessly!
You are too injured to fight recklessly!
You are too injured to fight recklessly!
You are too injured to fight recklessly!
You are too injured to fight recklessly!
You hit the gnoll.
The gnoll is severely wounded.
You constrict the gnoll. The gnoll closely misses you.
You hit the gnoll but do no damage.
The gnoll is severely wounded.
You constrict the gnoll. The gnoll hits you with a +0 whip!
* * * LOW HITPOINT WARNING * * *
You hit the gnoll.
You kill the gnoll!
You barely miss the ball python. Your grab misses the ball python.
The ball python barely misses you. The ball python grabs you.
The ball python constricts you.
You hit the ball python. You grab the ball python.
The ball python is severely wounded.
You constrict the ball python.
You kill the ball python!
You start resting.
A hobgoblin is nearby!
You start resting.
A hobgoblin is nearby!
You are too injured to fight recklessly!
The hobgoblin hits you with a +0 mace!
* * * LOW HITPOINT WARNING * * *
You hit the hobgoblin. Your grab misses the hobgoblin.
The hobgoblin is heavily wounded.
The hobgoblin hits you with a +0 mace.
You die...

#......))†..#
#...........# #.
#.r.......###
#.####.......#.##
#.....#######..#
#..............##
##..........)....#
#.....).g........#
#.....)@#........#
#.......#........# #
#.......#.....g..###..#
#.......#.............#
........#######..###.##
######### #...##.#
########.#.##.#
#........#.##.#
#........'..#.###


You could see a hobgoblin.

Vanquished Creatures
  3 gnolls (D:2)
  2 dart slugs
  4 bats (D:1)
  6 endoplasms
  A giant cockroach (D:2)
  2 goblins (D:1)
  2 hobgoblins (D:1)
  4 quokkas
  5 ball pythons
  3 frilled lizards
  4 kobolds
  2 rats (D:1)
38 creatures vanquished.

Notes
Turn   | Place    | Note
-------+----------+-------------------------------------------
     0 | D:1      | Delamore the Octopode Brigand began the quest for the Orb.
     0 | D:1      | Reached XP level 1. HP: 14/14 MP: 1/1
   250 | D:1      | Reached XP level 2. HP: 19/19 MP: 2/2
   394 | D:1      | Reached skill level 6 in Stealth
   584 | D:1      | Reached XP level 3. HP: 24/24 MP: 3/3
  1583 | D:2      | Reached skill level 7 in Stealth
  1583 | D:2      | Reached XP level 4. HP: 25/29 MP: 4/4
  1649 | D:2      | Slain by a hobgoblin

Illustrated notes

Levels and vault maps discovered:
D:1:      nzn_arrival_depleted_hourglass, layout_loops_ring
D:2:      layout_basic, serial_curves, eino_curves_04, eino_curves_04,
          nrook_loot_triangle

Skill      XL: |  1  2  3 |
---------------+----------+-----
Stealth        | 6 7 |  7.1
Fighting       | |  2.0
Short Blades   | |  2.9
Throwing       | |  2.0
Dodging        | |  1.0

Action                   |  1- 3 |  4- 6 || total
-------------------------+-------+-------++-------
Melee: Dagger            |    58 |    10 ||    68
       Constrict         |    11 |     2 ||    13
       Tentacles         |     7 |       ||     7
 Stab: Sleeping          |    18 |       ||    18
Armor: Skin              |     4 |       ||     4
Dodge: Dodged            |    25 |     2 ||    27
